 Dungeon Crawl Stone Soup version 0.31-a0-154-g56bf346678 (webtiles) character file.

Game seed: 4201233308773121068

3638 olmar the Basher (level 10, -6/79 HPs)
             Began as a Gnoll Reaver on June 11, 2023.
             Was an Initiate of Gozag.
             Mangled by a vault guard
             ... wielding a +0 broad axe
              (8 damage)
             ... in a bailey.
             The game lasted 00:16:46 (9194 turns).

olmar the Basher (Gnoll Reaver)                     Turns: 9194, Time: 00:16:47

Health: -6/79      AC:  4    Str: 14    XL:     10   Next: 12%
Magic:  29/29      EV: 15    Int: 17    God:    Gozag
Gold:   132        SH:  0    Dex: 16    Spells: 12/23 levels left

rFire   . . .        r - +9 lajatang "Razim" {pain, Dex+3}
rCold   . . .        (shield currently unavailable)
rNeg    . . .        C - +2 robe {Archmagi}
rPois   .            (no helmet)
rElec   .            (no cloak)
rCorr   +            (no gloves)
SInv    .            (no boots)
Will    +....        (no amulet)
Stlth   +++          D - ring of Unesucoy {Will+ rCorr Str+2 Dex+3 Slay-5}
HPRegen 0.33/turn    s - ring of magical power
MPRegen 0.21/turn

%: archmagi
@: gold aura, hasted and slowed
A: fangs 1, strong nose, distributed training
a: Renounce Religion, Potion Petition, Call Merchant, Bribe Branch


You were in a bailey.
You worshipped Gozag.
Gozag was aware of your devotion.
You visited 2 branches of the dungeon, and saw 8 of its levels.
You also visited: Bailey.

You collected 623 gold pieces.
You paid 491 gold pieces to Gozag.

Inventory:

Hand Weapons
 a - a +0 mace
 f - a +2 dire flail of venom
 q - a +4 halberd of draining
 r - the +9 lajatang "Razim" (weapon) {pain, Dex+3}
   (You acquired it on level 6 of the Dungeon)

   Dex:       It affects your dexterity (+3).
Missiles
 w - 13 boomerangs (quivered)
Armour
 b - a +0 leather armour
 v - a +2 leather armour of cold resistance
 C - a +2 robe of the Archmagi (worn)
Jewellery
 k - a ring of positive energy
 s - a ring of magical power (right hand)
 D - the ring of Unesucoy (left hand) {Will+ rCorr Str+2 Dex+3 Slay-5}
   (You acquired it on level 6 of the Dungeon)

   [ring of resist corrosion]

   Str:       It affects your strength (+2).
   Dex:       It affects your dexterity (+3).
   Slay:      It affects your accuracy & damage with ranged weapons and melee
   (-5).
   rCorr:     It protects you from acid and corrosion.
   Will:      It increases your willpower.
Scrolls
 g - 3 scrolls of amnesia
 h - a scroll of vulnerability
 i - 2 scrolls of immolation
 m - a scroll of fog
 A - 3 scrolls of enchant armour
Potions
 d - 2 potions of mutation
 n - 2 potions of cancellation


   Skills:
 + Level 7.0 Fighting
 + Level 5.1 Short Blades
 + Level 5.1 Long Blades
 + Level 5.1 Axes
 + Level 8.4 Maces & Flails
 + Level 5.1 Polearms
 + Level 5.1 Staves
 + Level 5.1 Ranged Weapons
 + Level 5.1 Throwing
 + Level 5.1 Armour
 + Level 7.0 Dodging
 + Level 5.1 Stealth
 + Level 5.1 Shields
 + Level 5.1 Unarmed Combat
 + Level 7.3 Spellcasting
 + Level 7.0 Conjurations
 + Level 4.2 Hexes
 + Level 4.2 Summonings
 + Level 4.2 Necromancy
 + Level 4.2 Translocations
 + Level 4.2 Transmutations
 + Level 4.2 Fire Magic
 + Level 4.2 Ice Magic
 + Level 4.2 Air Magic
 + Level 4.2 Earth Magic
 + Level 4.2 Poison Magic
 + Level 5.6 Invocations
 + Level 5.1 Evocations


You had 12 spell levels left.
You knew the following spells:

 Your Spells              Type           Power      Damage    Failure   Level
a - Kiss of Death         Conj/Necr      100%       2d13      1%          1
b - Momentum Strike       Conj/Tloc      76%        3d10      1%          2
c - Hailstorm             Conj/Ice       38%        3d9       3%          3
d - Wereblood             Tmut           31%        N/A       3%          2
e - Beastly Appendage     Tmut           62%        N/A       1%          1
f - Blink                 Tloc           62%        N/A       3%          2

Your spell library contained the following spells:

 Spells                   Type           Power      Damage    Failure   Level
 Lesser Beckoning         Tloc           62%        N/A       3%          2
 Sublimation of Blood     Necr           31%        N/A       3%          2
 Spider Form              Tmut/Pois      31%        N/A       6%          3
 Summon Hydra             Summ           15%        N/A       100%        7


Dungeon Overview and Level Annotations

Branches:
Dungeon (7/15)             Temple (1/1) D:5          Bailey (1/1)

Altars:
Ashenzari
Cheibriados
Dithmenos
Elyvilon
Fedhas
Gozag
Nemelex Xobeh
Okawaru
Qazlal
Ru
Trog
Uskayaw
Vehumet
Wu Jian
Xom
Yredelemnul
Zin

Shops:
D:1 !   D:4 !


Innate Abilities, Weirdness & Mutations

You have very sharp teeth.
Your uncanny sense of smell can sniff out nearby items.
Your experience applies equally to all skills.


Message History

Prince Ribbit evaporates and reforms as a hornet!
The now-empty wand crumbles to dust.
The vault guard struggles against the net.
Okay, then.
Okay, then.
You aren't carrying any items that you can evoke.
Unknown command.
Throw: 13 boomerangs
Press: ? - help, Q - select action, (/) - cycle Shift-Dir - straight line, f/p - Prince Ribbit
Aim: Prince Ribbit the hornet (lightly wounded, 44% to hit)
You throw a boomerang. The boomerang misses Prince Ribbit.
The vault guard struggles against the net.
The net rips apart, and the vault guard comes free!
You slash Prince Ribbit!
Prince Ribbit writhes in agony.
Prince Ribbit is heavily wounded.
Prince Ribbit stings you!
* * * LOW HITPOINT WARNING * * *
You feel yourself slow down. Prince Ribbit stings you.
* * * LOW HITPOINT WARNING * * *
You feel as though you will be slow longer.
Unknown command.
You slice Prince Ribbit!!
You kill Prince Ribbit!
Prince Ribbit returns to his original shape as he dies.
You feel your intelligence returning.
Your Fighting skill increases to level 7!
Your Dodging skill increases to level 7!
Unknown command.
Unknown command.
Throw: 13 boomerangs
Press: ? - help, Q - select action, (/) - cycle Shift-Dir - straight line, f - vault guard
Aim: a vault guard, wielding a +0 broad axe and wearing a +0 plate armour (almost dead, very poisoned, 59% to hit)
You throw a boomerang.
The boomerang hits the vault guard but does no damage.
The vault guard is almost dead.
You hit the vault guard. Your bite misses the vault guard.
The vault guard is almost dead.
The vault guard hits you with a +0 broad axe!
You die...
Your body crumbles into a pile of gold.

##≈~.≈##≈##....
∆#≈~.~≈≈~≈#....
$#≈~..~~~≈##..#
##≈~.~.~~~≈#.##
#≈~...~~~~≈##
##≈~....~~~≈#
#+###≈~~....~~~≈#
#.≈≈≈~..~..~~~~≈#
#.@p.....(.~~≈##
#~~~..(....~~≈#
##~~~##'##~~≈##
##~##.§. #≈##
###F.... ##
#..∩..# #.....#
#..(..# #!((??#


You could see a vault guard (very poisoned).

Vanquished Creatures
  Grinder (D:5)
  A hornet (Bailey)
  5 humans (Bailey)
  Menkaure (D:5)
  Edmund (D:5)
  A water moccasin (D:6)
  An orc warrior (D:6)
  A sky beast (D:7)
  An ice beast (D:5)
  4 ogres
  A centaur (D:6)
  A phantom (D:6)
  9 bullfrogs (Bailey)
  3 scorpions
  2 orc priests
  A gnoll bouda (D:4)
  3 hounds
  A jelly (D:5)
  Ijyb (D:4)
  2 iguanas (D:6)
  6 orc wizards
  12 gnolls
  7 adders
  A shadow imp (D:6)
  3 white imps
  2 ufetubi
  3 worms
  3 dart slugs
  22 orcs
  2 ball pythons
  8 endoplasms
  A giant cockroach (D:1)
  18 goblins
  11 hobgoblins
  6 jackals
  2 kobolds
  4 quokkas
  5 bats
  A frilled lizard (D:2)
  3 rats
161 creatures vanquished.

Notes
Turn   | Place    | Note
-------+----------+-------------------------------------------
     0 | D:1      | olmar the Gnoll Reaver began the quest for the Orb.
     0 | D:1      | Reached XP level 1. HP: 20/20 MP: 6/6
    30 | D:1      | Found Baufitij's Distillery.
   123 | D:1      | Reached XP level 2. HP: 26/26 MP: 7/7
   676 | D:1      | Reached skill level 5 in Spellcasting
   676 | D:1      | Reached XP level 3. HP: 31/31 MP: 7/9
   679 | D:1      | Learned a level 2 spell: Momentum Strike
   683 | D:1      | Learned a level 3 spell: Hailstorm
  1092 | D:2      | Reached skill level 1 in Invocations
  1388 | D:2      | Reached skill level 1 in Short Blades
  1388 | D:2      | Reached skill level 1 in Long Blades
  1388 | D:2      | Reached skill level 1 in Axes
  1388 | D:2      | Reached skill level 1 in Polearms
  1388 | D:2      | Reached skill level 1 in Staves
  1388 | D:2      | Reached skill level 1 in Ranged Weapons
  1388 | D:2      | Reached skill level 1 in Throwing
  1388 | D:2      | Reached skill level 1 in Armour
  1388 | D:2      | Reached skill level 1 in Stealth
  1388 | D:2      | Reached skill level 1 in Shields
  1388 | D:2      | Reached skill level 1 in Unarmed Combat
  1388 | D:2      | Reached skill level 1 in Evocations
  1756 | D:2      | Reached XP level 4. HP: 20/38 MP: 3/11
  1931 | D:3      | Reached skill level 1 in Hexes
  1931 | D:3      | Reached skill level 1 in Summonings
  1931 | D:3      | Reached skill level 1 in Necromancy
  1931 | D:3      | Reached skill level 1 in Translocations
  1931 | D:3      | Reached skill level 1 in Transmutations
  1931 | D:3      | Reached skill level 1 in Fire Magic
  1931 | D:3      | Reached skill level 1 in Ice Magic
  1931 | D:3      | Reached skill level 1 in Air Magic
  1931 | D:3      | Reached skill level 1 in Earth Magic
  1931 | D:3      | Reached skill level 1 in Poison Magic
  2319 | D:3      | Reached XP level 5. HP: 29/43 MP: 12/12
  2597 | D:3      | Found a faded altar of an unknown god.
  3000 | D:4      | Reached skill level 5 in Fighting
  3000 | D:4      | Reached skill level 5 in Dodging
  3000 | D:4      | Reached XP level 6. HP: 51/51 MP: 8/14
  3336 | D:4      | Noticed Ijyb
  3401 | D:4      | Killed Ijyb
  3531 | D:4      | Reached XP level 7. HP: 41/43 MP: 15/15
  3537 | D:4      | Reached skill level 7 in Maces & Flails
  4090 | D:4      | Found Zupliuptuaj's Distillery.
  4097 | D:4      | Learned a level 2 spell: Wereblood
  4391 | D:4      | Learned a level 1 spell: Beastly Appendage
  4443 | D:5      | Entered Level 5 of the Dungeon
  4941 | D:5      | Noticed Edmund
  4948 | D:5      | Killed Edmund
  5083 | D:5      | Reached XP level 8. HP: 63/63 MP: 15/16
  5699 | D:5      | Noticed Grinder
  5739 | D:4      | Learned a level 2 spell: Blink
  6043 | D:5      | Killed Grinder
  6185 | D:5      | Found a staircase to the Ecumenical Temple.
  6195 | Temple   | Entered the Ecumenical Temple
  6452 | Temple   | Became a worshipper of Gozag Ym Sagoz the Greedy
  6814 | D:5      | Noticed Menkaure
  6819 | D:5      | Killed Menkaure
  7117 | D:6      | Identified 2 scrolls of acquirement
  7117 | D:6      | Acquired the ring of Unesucoy {Will+ rCorr Str+2 Dex+3
                  | Slay-5}
  7121 | D:6      | Acquired the +9 lajatang "Razim" {pain, Dex+3}
  7206 | D:6      | Reached XP level 9. HP: 49/69 MP: 18/18
  7850 | D:6      | Found a bloodstained altar of Trog.
  8394 | D:7      | Noticed a hornet
  8395 | D:7      | a hornet changed into a sky beast
  8539 | D:7      | Found a flagged portal.
  8561 | Bailey   | Entered a bailey
  8580 | Bailey   | Reached skill level 8 in Maces & Flails
  8727 | Bailey   | Reached skill level 5 in Invocations
  8734 | Bailey   | HP: 1/71 [human/+0 heavy hand axe (13)]
  9081 | Bailey   | Reached skill level 5 in Short Blades
  9081 | Bailey   | Reached skill level 5 in Long Blades
  9081 | Bailey   | Reached skill level 5 in Axes
  9081 | Bailey   | Reached skill level 5 in Polearms
  9081 | Bailey   | Reached skill level 5 in Staves
  9081 | Bailey   | Reached skill level 5 in Ranged Weapons
  9081 | Bailey   | Reached skill level 5 in Throwing
  9081 | Bailey   | Reached skill level 5 in Armour
  9081 | Bailey   | Reached skill level 5 in Stealth
  9081 | Bailey   | Reached skill level 5 in Shields
  9081 | Bailey   | Reached skill level 5 in Unarmed Combat
  9081 | Bailey   | Reached skill level 5 in Evocations
  9090 | Bailey   | Reached XP level 10. HP: 57/77 MP: 20/20
  9164 | Bailey   | Noticed Prince Ribbit
  9164 | Bailey   | Noticed a vault guard
  9189 | Bailey   | Prince Ribbit changed into Prince Ribbit the hornet
  9189 | Bailey   | Noticed Prince Ribbit
  9191 | Bailey   | HP: 1/77 [Prince Ribbit the hornet (3)]
  9192 | Bailey   | Killed Prince Ribbit the hornet
  9194 | Bailey   | Mangled by a vault guard

Illustrated notes

Levels and vault maps discovered:
D:1:      dpeg_arrival_arbitrary_c, layout_loops_corners, serial_shops,
          nicolae_shop_gibbet_a_chance
D:2:      layout_rooms, chequers_hall_statues_corner_a
D:3:      layout_basic, shapermc_ecumenical_altar_pompeii
D:4:      layout_basic, serial_shops, kennysheep_mini_moat,
          kennysheep_generic_room_13, uniq_ijyb
D:5:      layout_basic, minmay_temple_entry_sparse_star, serial_curves,
          eino_curves_03, eino_curves_02, eino_curves_02, eino_curves_01,
          skrybe_limestone_x, kennysheep_path_1, minmay_misc_feat_nine_boxes,
          minmay_misc_feat_iff, minmay_crystal_water, uniq_edmund, uniq_grinder,
          uniq_menkaure
D:6:      layout_basic, bloody_trog, kennysheep_nub, minmay_misc_feat_doors,
          minmay_misc_feat_hallway
D:7:      layout_basic, enter_bailey_4
Temple:   mainiacjoe_temple_big_plus
Bailey:   bailey_axe_froggy_fort_hellmonk, bailey

Skill      XL: |  1  2  3  4  5  6  7  8  9 10 |
---------------+-------------------------------+-----
Spellcasting   | 5 6 7 |  7.3
Invocations    | 1 2 3 4 5 |  5.6
Short Blades   | 1 2 3 5 |  5.1
Long Blades    | 1 2 3 5 |  5.1
Axes           | 1 2 3 5 |  5.1
Polearms       | 1 2 3 5 |  5.1
Staves         | 1 2 3 5 |  5.1
Ranged Weapons | 1 2 3 5 |  5.1
Throwing       | 1 2 3 5 |  5.1
Armour         | 1 2 3 5 |  5.1
Stealth        | 1 2 3 5 |  5.1
Shields        | 1 2 3 5 |  5.1
Unarmed Combat | 1 2 3 5 |  5.1
Evocations     | 1 2 3 5 |  5.1
Hexes          | 1 2 3 4 |  4.2
Summonings     | 1 2 3 4 |  4.2
Necromancy     | 1 2 3 4 |  4.2
Translocations | 1 2 3 4 |  4.2
Transmutations | 1 2 3 4 |  4.2
Fire Magic     | 1 2 3 4 |  4.2
Ice Magic      | 1 2 3 4 |  4.2
Air Magic      | 1 2 3 4 |  4.2
Earth Magic    | 1 2 3 4 |  4.2
Poison Magic   | 1 2 3 4 |  4.2
Fighting       | 5 6 7 |  7.0
Dodging        | 5 6 7 |  7.0
Maces & Flails | 7 8 |  8.4
Conjurations   | 6 7 |  7.0

Action                     |  1- 3 |  4- 6 |  7- 9 | 10-12 || total
---------------------------+-------+-------+-------+-------++-------
  Melee: Mace              |   126 |    88 |    36 |       ||   250
         Bite              |     6 |    10 |    17 |     5 ||    38
         Punch             |     2 |     1 |     1 |       ||     4
         Halberd           |       |       |    77 |       ||    77
         Kick              |       |       |    18 |     1 ||    19
         Headbutt          |       |       |     6 |     1 ||     7
         Lajatang          |       |       |   120 |    15 ||   135
         Unarmed           |       |       |     3 |       ||     3
  Throw: Throwing net      |       |     3 |       |     2 ||     5
         Boomerang         |       |       |     7 |     3 ||    10
         Dart              |       |       |       |    11 ||    11
   Cast: Momentum Strike   |     2 |    13 |    10 |       ||    25
         Hailstorm         |       |    10 |    28 |       ||    38
         Kiss of Death     |       |     2 |       |       ||     2
         Wereblood         |       |       |    11 |       ||    11
         Beastly Appendage |       |       |    10 |       ||    10
         Blink             |       |       |     1 |     1 ||     2
 Invoke: Potion Petition   |       |       |     1 |       ||     1
  Evoke: Wand              |       |       |     6 |     2 ||     8
    Use: Scroll            |     2 |     1 |    15 |       ||    18
         Potion            |       |     1 |     4 |     1 ||     6
   Stab: Sleeping          |     1 |       |     4 |       ||     5
         Held in net/web   |       |     1 |       |       ||     1
 Armour: Leather armour    |    32 |    20 |    37 |       ||    89
         Robe              |       |       |    40 |     1 ||    41
         Skin              |       |       |     2 |       ||     2
  Dodge: Dodged            |    86 |    26 |   227 |     6 ||   345

Table legend: (Time is in decaauts)
 A = Elapsed time spent in this place.
 B = Non-inter-level travel time spent in this place.
 C = Inter-level travel time spent in this place.
 D = Time resting spent in this place.
 E = Time spent auto-exploring this place.
 F = Levels seen in this place.
 G = Mean time per level.
                   A        B        C        D        E       F      G
               +--------+--------+--------+--------+--------+-----+--------+
         Total |   9241 |   8715 |    526 |   2361 |   4802 |   9 | 1026.8 |
       Dungeon |   8299 |   7803 |    496 |   1909 |   4521 |   7 | 1185.6 |
        Temple |    287 |    257 |     30 |      0 |    234 |   1 |  287.0 |
        Bailey |    654 |    654 |      0 |    452 |     47 |   1 |  654.0 |
               +--------+--------+--------+--------+--------+-----+--------+

Top non-repeatable levels by time:
     D:4: 2247 daAuts
     D:5: 1638 daAuts
     D:6: 1306 daAuts
     D:1: 1163 daAuts
     D:3: 1148 daAuts
  Bailey: 654 daAuts
     D:2: 620 daAuts
  Temple: 287 daAuts
     D:7: 176 daAuts
